 Dungeon Crawl Stone Soup version 0.30.1-11-g7821555f0a (webtiles) character file.

Game seed: 17978641354403454850

2056 RancidPinata the Trooper (level 9, -2/56 HPs)
             Began as a Gargoyle Gladiator on Dec 7, 2023.
             Was a Believer of Okawaru.
             Slain by an orc warrior
             ... wielding a +0 glaive
              (17 damage)
             ... in a bailey.
             The game lasted 00:23:29 (6141 turns).

RancidPinata the Trooper (Gargoyle Gladiator)       Turns: 6141, Time: 00:23:29

Health: -2/56      AC: 33    Str: 22    XL:     9   Next: 25%
Magic:  12/13      EV: 14    Int:  9    God:    Okawaru [**....]
Gold:   560        SH:  0    Dex: 13    Spells: 12/14 levels left

rFire   . . .        B - +3 whip "Orehimme" {speed, Dex+2}
rCold   . . .        (no shield)
rNeg    + . .        h - +7 chain mail {ponderous}
rPois   ∞            b - +2 helmet
rElec   +            c - scarf {repulsion}
rCorr   .            (no gloves)
SInv    .            i - +1 pair of boots
Will    .....        (no amulet) Stlth
                     y - +4 ring of protection
HPRegen 0.29/turn    F - +5 ring of evasion
MPRegen 0.13/turn

%: repel missiles
@: flying, slow
A: sickness immunity, AC +6, negative energy resistance 1, electricity
resistance, torment resistance 1, petrification resistance
a: Renounce Religion, Heroism


You were in a bailey.
You worshipped Okawaru.
Okawaru was pleased with you.
You visited 2 branches of the dungeon, and saw 8 of its levels.
You also visited: Bailey.

You collected 560 gold pieces.

Inventory:

Hand Weapons
 a - a +0 flail
 B - the +3 whip "Orehimme" (weapon) {speed, Dex+2}
   (You found it on level 4 of the Dungeon)

   Dex:       It affects your dexterity (+2).
Missiles
 d - 2 throwing nets (quivered)
 e - a javelin
 j - 55 stones
 C - 3 poisoned darts
 E - 6 boomerangs
Armour
 b - a +2 helmet (worn)
 c - a scarf of repulsion (worn)
 h - a +7 chain mail of ponderousness (worn)
 i - a +1 pair of boots (worn)
Jewellery
 y - a +4 ring of protection (left hand)
 F - a +5 ring of evasion (right hand)
Wands
 z - a wand of roots (7)
Scrolls
 g - a scroll of magic mapping {unknown}
 o - a scroll of vulnerability {unknown}
 p - 2 scrolls of fear {unknown}
 r - 4 scrolls of identify {unknown}
 s - 2 scrolls of immolation {unknown}
 v - a scroll of amnesia {unknown}
 A - a scroll of acquirement {unknown}
 D - a scroll of brand weapon {unknown}
 G - a scroll of enchant armour {unknown}
 H - a scroll of noise {unknown}
 J - a scroll of torment {unknown}
Potions
 f - 2 potions of heal wounds {unknown}
 l - a potion of degeneration {unknown}
 m - 4 potions of mutation {unknown}
 n - 2 potions of ambrosia
 q - a potion of flight
 t - 4 potions of lignification {unknown}
 u - 3 potions of attraction {unknown}
 w - a potion of haste {unknown}
 x - a potion of magic {unknown}
 I - a potion of resistance {unknown}


   Skills:
 * Level 6.6 Fighting
 * Level 5.7 Maces & Flails
 + Level 4.0 Throwing
 * Level 5.9 Armour
 - Level 2.4 Dodging
 + Level 4.0 Stealth
 + Level 3.2 Spellcasting
 + Level 2.3 Translocations


You had 12 spell levels left.
You knew the following spells:

 Your Spells              Type           Power      Damage    Failure   Level
a - Blink                 Tloc           10%        N/A       67%         2

Your spell library contained the following spells:

 Spells                   Type           Power      Damage    Failure   Level
 Lesser Beckoning         Tloc           10%        N/A       67%         2
 Momentum Strike          Conj/Tloc      6%         3d8       85%         2
 Volatile Blastmotes      Fire/Tloc      6%         2d10      97%         3
 Dazzling Flash           Conj/Hex       2%         N/A       99%         3
 Iskenderun's Mystic Bla  Conj/Tloc      3%         2d3       100%        4
 Starburst                Conj/Fire      0%         6d3       100%        6


Dungeon Overview and Level Annotations

Branches:
Dungeon (7/15)             Temple (1/1) D:6          Bailey (1/1)

Altars:
Ashenzari
Cheibriados
Dithmenos
Elyvilon
Fedhas
Kikubaaqudgha
Nemelex Xobeh
Okawaru
Qazlal
Ru
Sif Muna
Trog
Uskayaw
Vehumet
Wu Jian
Xom
Yredelemnul

Annotations:
D:6 exclusion: statue


Innate Abilities, Weirdness & Mutations

You are immune to sickness and miasma.
Your stone body is resilient. (AC +6)
You are immune to poison.
You resist negative energy. (rN+)
You are resistant to electric shocks. (rElec)
You are resistant to unholy torment.
You are immune to petrification.


Message History

You barely miss the orc knight.
The orc knight is heavily wounded.
The orc knight barely misses you. The orc warrior closely misses you.
You barely miss the orc knight.
The orc knight is heavily wounded.
You hit the orc knight.
The orc knight is heavily wounded.
The orc knight hits you but does no damage.
The orc warrior hits you with a +0 glaive!
* * * LOW HITPOINT WARNING * * *
It was a potion of flight.
You feel very buoyant.
You fly up into the air.
The orc knight hits you but does no damage.
The orc warrior hits you but does no damage.
Okay, then.
The orc knight hits you but does no damage.
The orc warrior barely misses you.
You feel like a meek peon again.
The orc knight hits you from afar with a +0 halberd.
* * * LOW HITPOINT WARNING * * *
You feel better.
The orc warrior no longer looks unusually strong.
The orc knight hits you but does no damage.
The orc warrior barely misses you.
The orc knight roars a battlecry!
The orc warrior goes into a battle-frenzy!
Hit: B) +3 whip "Orehimme" {speed, Dex+2}
Press: ? - help, Dir - move target, f - you, p - orc knight
Okay, then.
Aiming: Fastroot
Press: ? - help, Shift-Dir - straight line, f - orc warrior, p - orc knight
Aim: an orc warrior, wielding a +0 glaive and wearing a +0 ring mail (lightly wounded, strong)
The roots erupt in riotous growth!
Roots grab the orc warrior.
Roots grab the orc knight.
The grasping roots constrict the orc knight.
The grasping roots constrict the orc warrior.
The orc knight struggles to escape constriction.
The orc warrior hits you from afar with a +0 glaive!
You die...

.........##..##∩oo##..#..........
.........##.####'####.##.........
.........##.')#...#)'.##.........
.........##.###.8.###.##.........
.........##.'.#!.:#)'.##.........
.........##.#########.##.........
..........#..##.#.##..#..........
..........##..#'#'#o.##..........
...........##...@.o.##...........
...≈≈.≈≈≈...#########...≈≈≈.≈≈...
..≈≈#.##≈......###......≈##)#≈≈..
..≈##.∩#≈...............≈#∩)##≈..
..≈#.........................#≈..
..≈##.##≈...............≈##.##≈..
..≈≈###≈≈)..............≈≈###≈≈..
...≈≈≈≈≈.................≈≈≈≈≈...
......)..........................


You could see an orc knight (rooted) and an orc warrior (strong, rooted).

Vanquished Creatures
  A water moccasin (D:5)
  6 orc warriors (Bailey)
  2 black bears (D:6)
  A centaur (D:6)
  An ogre (D:6)
  2 phantoms (D:6)
  2 bullfrogs (D:6)
  A gnoll sergeant (D:5)
  3 scorpions
  An orc priest (D:4)
  A gnoll bouda (D:5)
  2 hounds (D:5)
  An iguana (D:5)
  A sleepcap (D:5)
  5 orc wizards
  Robin (D:4)
  4 gnolls
  4 adders
  A shadow imp (D:6)
  A white imp (D:6)
  3 ufetubi
  A worm (D:3)
  21 orcs
  5 bats
  8 endoplasms
  6 giant cockroaches
  17 goblins
  13 hobgoblins
  3 jackals (D:2)
  3 kobolds
  2 quokkas
  6 ball pythons
  3 frilled lizards
  5 rats
137 creatures vanquished.

Notes
Turn   | Place    | Note
-------+----------+-------------------------------------------
     0 | D:1      | RancidPinata the Gargoyle Gladiator began the quest for the
                  | Orb.
     0 | D:1      | Reached XP level 1. HP: 12/12 MP: 1/1
   135 | D:1      | Found a faded altar of an unknown god.
   161 | D:1      | Reached XP level 2. HP: 18/18 MP: 2/2
   348 | D:1      | Reached skill level 1 in Armour
   348 | D:1      | Reached XP level 3. HP: 22/22 MP: 3/3
   424 | D:1      | Reached skill level 3 in Fighting
  1296 | D:2      | Reached XP level 4. HP: 28/28 MP: 4/4
  2015 | D:3      | Found an iron altar of Okawaru.
  2329 | D:3      | Found a sacrificial altar of Ru.
  2369 | D:3      | Found a stormy altar of Qazlal.
  2669 | D:4      | Reached skill level 1 in Spellcasting
  2677 | D:4      | Noticed Robin
  2703 | D:4      | Reached XP level 5. HP: 14/32 MP: 6/6
  2751 | D:4      | Killed Robin
  2933 | D:4      | Identified the +3 whip "Orehimme" {speed, Dex+2}
  2968 | D:4      | Found an ornate altar of the Wu Jian Council.
  2991 | D:4      | Reached skill level 1 in Stealth
  3354 | D:3      | Became a worshipper of Warmaster Okawaru
  3429 | D:5      | Entered Level 5 of the Dungeon
  3472 | D:6      | Noticed a phantom
  3503 | D:6      | Killed a phantom
  3504 | D:6      | Reached skill level 4 in Fighting
  3504 | D:6      | Reached XP level 6. HP: 38/38 MP: 6/8
  3541 | D:6      | Found a staircase to the Ecumenical Temple.
  3571 | D:6      | Reached * piety under Okawaru
  3597 | Temple   | Entered the Ecumenical Temple
  3735 | D:5      | Noticed a water moccasin
  3752 | D:5      | Killed a water moccasin
  3753 | D:5      | Reached XP level 7. HP: 44/44 MP: 9/9
  3774 | D:5      | Learned a level 2 spell: Blink
  4072 | D:5      | Reached skill level 5 in Fighting
  4079 | D:5      | Found a shadowy altar of Dithmenos.
  4101 | D:5      | Found a bloodstained altar of Trog.
  4200 | D:5      | Reached skill level 1 in Translocations
  4200 | D:5      | Reached XP level 8. HP: 25/49 MP: 8/11
  4982 | D:6      | Reached ** piety under Okawaru
  4994 | D:6      | Found a blossoming altar of Fedhas.
  5150 | D:6      | Reached skill level 5 in Maces & Flails
  5150 | D:6      | Reached skill level 5 in Armour
  5372 | D:6      | Found a radiant altar of Vehumet.
  5381 | D:6      | Reached skill level 6 in Fighting
  5435 | D:7      | Found a flagged portal.
  5460 | Bailey   | Entered a bailey
  5724 | Bailey   | Reached XP level 9. HP: 48/55 MP: 10/13
  6079 | Bailey   | Noticed an orc knight
  6141 | Bailey   | Slain by an orc warrior

Illustrated notes

Levels and vault maps discovered:
D:1:      lemuel_arrival_broad_hall, layout_loops_ring,
          chequers_ecumenical_altar_simple_redux, dreamdust_wishing_well,
          minmay_misc_feat_chi, minmay_cupped
D:2:      layout_loops_corners
D:3:      layout_rooms, lemuel_tele_altar, mainiacjoe_overflow_two_lobes
D:4:      layout_basic, mainiacjoe_overflow_cross_hatched, uniq_robin
D:5:      layout_rooms, mainiacjoe_overflow_large_starburst,
          minmay_splitting_lines, grunt_ministairs_5, minivault_27,
          nicolae_grassy_gnolls
D:6:      layout_basic, fedhas_altar_1, vehumet_statue,
          minmay_temple_entry_water_ring
D:7:      layout_loops_ring, makhleb_grotto_becter, enter_bailey_2
Temple:   nicolae_temple_cloud_nine
Bailey:   bailey_polearm_2, bailey

Skill      XL: |  1  2  3  4  5  6  7  8  9 |
---------------+----------------------------+-----
Throwing       | 2 3 4 |  4.0
Armour         | 1 2 3 4 5 |  5.9
Fighting       | 3 4 5 6 |  6.6
Spellcasting   | 1 2 3 |  3.2
Stealth        | 1 2 3 4 |  4.0
Maces & Flails | 4 5 |  5.7
Translocations | 1 2 |  2.3
Dodging        | |  2.4

Action                     |  1- 3 |  4- 6 |  7- 9 || total
---------------------------+-------+-------+-------++-------
  Melee: Flail             |   111 |   147 |       ||   258
         Whip              |       |    80 |   439 ||   519
         Punch             |       |     1 |     5 ||     6
  Throw: Throwing net      |       |       |     2 ||     2
 Invoke: Heroism           |       |       |     6 ||     6
  Evoke: Wand              |       |       |     1 ||     1
    Use: Potion            |       |     2 |     2 ||     4
   Stab: Held in net/web   |       |       |     3 ||     3
 Armour: Leather armour    |     7 |       |       ||     7
         Chain mail        |    70 |   155 |   162 ||   387
  Dodge: Dodged            |    64 |   116 |   183 ||   363
         Repelled          |       |       |     1 ||     1
